 Dungeon Crawl Stone Soup version 0.28-a0-691-gad6df49e81 (webtiles) character file.

Game seed: 13073675445174573389

73 bande the Covered (level 4, -1/29 HPs)
             Began as a Gargoyle Fighter on Oct 21, 2021.
             Slain by a gnoll (2 damage)
             ... on level 2 of the Dungeon.
             The game lasted 00:02:26 (1540 turns).

bande the Covered (Gargoyle Fighter)                Turns: 1540, Time: 00:02:26

Health: -1/29      AC: 12    Str: 20    XL:     4   Next: 27%
Magic:  4/4        EV:  9    Int:  9    God:
Gold:   13         SH:  4    Dex:  9    Spells: 3/3 levels left

rFire   . . .      SeeInvis .   a - +0 war axe
rCold   . . .      Faith    .   c - +0 buckler
rNeg    + . .      Spirit   .   b - +0 scale mail
rPois   ∞          Reflect  .   (no helmet)
rElec   +          Harm     .   j - +1 cloak
rCorr   .          Rampage  .   (no gloves)
Will    .....                   (no boots)
Stlth   ..........              (no amulet)
HPRegen 0.09/turn               (no ring)
MPRegen 0.09/turn               (no ring)

@: no status effects
A: sickness immunity, AC +3, negative energy resistance 1, electricity
resistance, torment resistance 1, petrification resistance
a: no special abilities


You were on level 2 of the Dungeon.
You visited 1 branch of the dungeon, and saw 2 of its levels.

You collected 13 gold pieces.

Inventory:

Hand Weapons
 a - a +0 war axe (weapon)
Armour
 b - a +0 scale mail (worn)
 c - a +0 buckler (worn)
 j - a +1 cloak (worn)
Jewellery
 f - a ring of positive energy
Potions
 d - a potion of might
 h - a potion of mutation
 l - a potion of haste


   Skills:
 + Level 3.8 Fighting
 + Level 2.9 Axes
 + Level 4.0 Armour
 + Level 3.5 Shields


You had 3 spell levels left.
You didn't know any spells.
Your spell library was empty.

Dungeon Overview and Level Annotations

Branches:
Dungeon (2/15)

Altars:


Innate Abilities, Weirdness & Mutations

You are immune to sickness and miasma.
Your stone body is resilient. (AC +3)
You are immune to poison.
You resist negative energy. (rN+)
You are resistant to electric shocks. (rElec)
You are resistant to unholy torment.
You are immune to petrification.


Message History

You barely miss the gnoll.
A gnoll comes into view. It is wielding a +0 spear.
The gnoll closely misses you.
Unknown command.
The gnoll shouts!
You hit the gnoll but do no damage.
The gnoll is severely wounded.
You hit the gnoll. The gnoll hits you with a +0 flail.
The gnoll closely misses you. You block the gnoll's attack.
You hit the gnoll.
The gnoll is almost dead.
Your scale mail prevents you from hitting the gnoll.
You block the gnoll's attack. The gnoll barely misses you.
The gnoll hits you but does no damage. You block the gnoll's attack.
The gnoll barely misses you. The gnoll closely misses you. x2
The gnoll hits you from afar with a +0 spear.
You barely miss the gnoll.
The gnoll is almost dead.
You barely miss the gnoll. The gnoll closely misses you.
The gnoll barely misses you. The gnoll completely misses you.
The gnoll hits you but does no damage.
Unknown command.
You hit the gnoll.
You kill the gnoll!
You hit the gnoll. The gnoll hits you with a +0 flail.
* * * LOW HITPOINT WARNING * * *
The gnoll barely misses you. The gnoll hits you but does no damage.
The gnoll closely misses you. The gnoll misses you.
The gnoll closely misses you.
Your Armour skill increases to level 4!
The gnoll hits you but does no damage. The gnoll barely misses you.
The gnoll hits you from afar with a +0 spear.
* * * LOW HITPOINT WARNING * * *
There is a stone staircase leading up, spattered with blood here.
You see here a +0 club.
Unknown command.
Okay, then.
Your library has no spells.
The gnoll hits you with a +0 flail.
You die...

#.## ...###...#
#...#+#.......).
#....†.......#
#.............
##.....†......
#.#.##..†..#.....
#..........# ##.#
#.#####.g#.#.## .
.......@.g......
#.#####g.#.#.#..
#.##.#... #.##.#
#.. ...#.# ...
#.. .# ## #..
#..#


You could see 3 gnolls.

Vanquished Creatures
  3 adders (D:2)
  A gnoll (D:2)
  A dart slug (D:1)
  2 ball pythons (D:1)
  2 endoplasms (D:1)
  5 giant cockroaches
  2 goblins (D:1)
  4 hobgoblins (D:1)
  5 bats
  A frilled lizard (D:1)
  6 kobolds (D:1)
  2 rats (D:1)
34 creatures vanquished.

Notes
Turn   | Place    | Note
-------+----------+-------------------------------------------
     0 | D:1      | bande the Gargoyle Fighter began the quest for the Orb.
     0 | D:1      | Reached XP level 1. HP: 14/14 MP: 1/1
   161 | D:1      | Reached XP level 2. HP: 19/19 MP: 2/2
   822 | D:1      | Reached XP level 3. HP: 20/24 MP: 3/3
   955 | D:1      | Found a faded altar of an unknown god.
  1491 | D:2      | Reached XP level 4. HP: 15/29 MP: 4/4
  1539 | D:2      | Reached skill level 4 in Armour
  1539 | D:2      | HP: 1/29 [gnoll (5)]
  1540 | D:2      | Slain by a gnoll

Illustrated notes

Levels and vault maps discovered:
D:1:      dpeg_arrival_oval, layout_basic, basic_ecumenical_altar,
          kennysheep_pointless_box, minmay_crystal_room, interstate_on_off,
          minmay_heptomino_l4
D:2:      layout_basic, uniq_robin

Skill      XL: |  1  2  3  4 |
---------------+-------------+-----
Axes           | 2 |  2.9
Armour         | 4 |  4.0
Fighting       | |  3.8
Shields        | |  3.5

Action                   |  1- 3 |  4- 6 || total
-------------------------+-------+-------++-------
Melee: War axe           |    94 |     7 ||   101
  Use: Scroll            |     5 |       ||     5
Armor: Scale mail        |    68 |     6 ||    74
Dodge: Dodged            |    50 |    14 ||    64
Block: Buckler           |    25 |     3 ||    28

Table legend: (Time is in decaauts)
 A = Elapsed time spent in this place.
 B = Non-inter-level travel time spent in this place.
 C = Inter-level travel time spent in this place.
 D = Time resting spent in this place.
 E = Time spent auto-exploring this place.
 F = Levels seen in this place.
 G = Mean time per level.
                   A        B        C        D        E       F      G
               +--------+--------+--------+--------+--------+-----+--------+
         Total |   1581 |   1581 |      0 |     38 |   1196 |   2 |  790.5 |
       Dungeon |   1581 |   1581 |      0 |     38 |   1196 |   2 |  790.5 |
               +--------+--------+--------+--------+--------+-----+--------+

Top non-repeatable levels by time:
     D:1: 1479 daAuts
     D:2: 101 daAuts
